 Dungeon Crawl Stone Soup version 0.32-a0-886-g41c5271027 (webtiles) character file.

Game seed: 5690991480927520225

20797 Gadrel the Mimic (level 12, -1/166 HPs)
             Began as a Troll Artificer on Apr 2, 2024.
             Was an Initiate of Gozag.
             Slain by a komodo dragon (20 damage)
             ... on level 2 of the Lair of Beasts on Apr 3, 2024.
             The game lasted 00:40:04 (11906 turns).

Gadrel the Mimic (Troll Artificer)                 Turns: 11906, Time: 00:40:05

Health: -1/166     AC: 26    Str: 25    XL:     12   Next: 48%
Magic:  20/20      EV:  1    Int:  4    God:    Gozag
Gold:   270        SH:  0    Dex: 12    Spells: 11/11 levels left

rFire   + .          .
                       - Unarmed
rCold   + + .        (no shield)
rNeg    . . .        O - melded +0 fire dragon scales
rPois   +            R - melded +1 hat {Int+3}
rElec   +            i - melded +0 cloak
rCorr   +            (gloves unavailable)
SInv    .            (boots unavailable)
Will    .....        (no amulet)
Stlth   ++           C - ring of protection from cold {rC+, !d}
HPRegen 1.27/turn    u - ring "Lefoik" {rElec rPois MP+9 Int-3 Stlth+}
MPRegen 0.17/turn

%: no passive effects
@: mighty, tree-form, resistant, gold aura, on berserk cooldown, slowed, very
slow
A: stationary, stasis, torment immunity, boosted hp, large, unfitting armour,
(claws 3), regeneration 1, (shaggy fur 1), (tough skin 1)
a: End Transformation, Renounce Religion, Potion Petition, Call Merchant, Bribe
Branch


You were on level 2 of the Lair of Beasts.
You worshipped Gozag.
Gozag was aware of your devotion.
You were a tree.
You visited 3 branches of the dungeon, and saw 14 of its levels.
You also visited: Ossuary and Bailey.

You collected 2197 gold pieces.
You spent 944 gold pieces at shops.
You paid 983 gold pieces to Gozag.

Inventory:

Hand Weapons
 a - a +0 orcbow
   (You found it on level 4 of the Dungeon)
 b - a +1 hand axe of flaming
   (You bought it in a shop on level 6 of the Dungeon)
Missiles
 k - 3 atropa-tipped darts
 p - 19 poisoned darts
 s - 100 stones
 t - 4 javelins
 y - 2 silver javelins
 B - 6 boomerangs
 P - 6 throwing nets {!d}
Armour
 i - a +0 cloak (melded)
   (You bought it in a shop on level 1 of the Dungeon)
 z - a +0 robe of fire resistance
   (You bought it in a shop on level 6 of the Dungeon)
 O - +0 fire dragon scales (melded)
   (You bought it in a shop on level 6 of the Dungeon)
 Q - +0 swamp dragon scales
   (You found it on level 2 of the Lair of Beasts)
 R - a +1 hat of intelligence (melded)
   (You took it off Gastronok on level 2 of the Lair of Beasts)
Jewellery
 u - the ring "Lefoik" (right branch) {rElec rPois MP+9 Int-3 Stlth+}
   (You found it on level 7 of the Dungeon)

   [ring of magical power]

   Int-3:     It affects your intelligence (-3).
   rElec:     It insulates you from electricity.
   rPois:     It protects you from poison.
   MP+9:      It affects your magic capacity (+9).
   Stlth+:    It makes you more stealthy.
 A - a +4 ring of protection
   (You found it on level 3 of the Dungeon)
 C - a ring of protection from cold (left branch) {rC+, !d}
   (You found it on level 6 of the Dungeon)
Talismans
 n - a blade talisman
   (You found it on level 2 of the Dungeon)
Wands
 d - a wand of digging (8)
   (You found it on level 7 of the Dungeon)
 e - a wand of charming (14)
 h - a wand of acid (2)
   (You found it on level 8 of the Dungeon)
 j - a wand of polymorph (2)
   (You took it off Blork the orc on level 4 of the Dungeon)
 l - a wand of roots (5)
   (You took it off an orc on level 7 of the Dungeon)
 q - a wand of flame (40)
 G - a wand of iceblast (1)
Scrolls
 c - 5 scrolls of poison {!r}
 f - 3 scrolls of revelation
 m - 3 scrolls of fog
 D - a scroll of blinking {!r}
 E - 7 scrolls of fear
 F - 3 scrolls of enchant armour
 K - 2 scrolls of immolation {!r}
 S - 2 scrolls of identify {@r1}
 Y - 7 scrolls of teleportation {@r3}
Potions
 g - 4 potions of cancellation {unknown}
 o - 3 potions of magic
 r - a potion of berserk rage {unknown}
 x - 3 potions of degeneration {unknown}
 H - a potion of haste
 I - 2 potions of invisibility
 J - 3 potions of curing {@q1}
 L - 4 potions of enlightenment
 M - 2 potions of might
 N - a potion of heal wounds {@q2}
 U - a potion of mutation {!q}
Miscellaneous
 v - a lightning rod (4/4)
   (You found it in a bailey)
 w - a phial of floods
   (You found it in a bailey)


   Skills:
 - Level 5.0 Fighting
 - Level 5.0 Armour
 - Level 5.0 Dodging
 - Level 0.3 Stealth
 + Level 11.9 Unarmed Combat
 - Level 3.0 Evocations
 + Level 12.6 Shapeshifting


You had 11 spell levels left.
You didn't know any spells.
Your spell library contained the following spells:

 Spells                   Type           Power      Damage    Failure   Level
 Apportation              Tloc           0%         N/A       50%         1
 Necrotise                Necr           0%         1d4       50%         1
 Slow                     Hex            0%         N/A       50%         1
 Sting                    Conj/Alch      0%         1d3       50%         1
 Summon Small Mammal      Summ           0%         N/A       50%         1
 Cigotuvi's Dreadful Rot  Necr/Alch/Air  0%         N/A       65%         2
 Lesser Beckoning         Tloc           0%         N/A       65%         2
 Confusing Touch          Hex            0%         N/A       86%         3
 Inner Flame              Hex/Fire       0%         N/A       86%         3
 Maxwell's Portable Pile  Tloc           0%         2d(5-13)  86%         3
 Teleport Other           Tloc           0%         N/A       86%         3
 Vampiric Draining        Necr           0%         2d6       86%         3
 Ignite Poison            Fire/Alch      0%         N/A       99%         4
 Freezing Cloud           Conj/Ice/Air   0%         6-21      100%        5
 Irradiate                Conj/Alch      0%         3d11      100%        5
 Dispersal                Tloc           0%         N/A       100%        6
 Gell's Gavotte           Tloc           0%         2d(11-16) 100%        6
 Ignition                 Fire           0%         3d3       100%        8


Dungeon Overview and Level Annotations

Branches:
Dungeon (10/15)            Temple (1/1) D:7            Lair (3/5) D:8
  Swamp (0/4) Lair:2          Orc (0/2) D:9         Ossuary (visited)
 Bailey (visited)
  Snake: Lair:2-3    Spider: Lair:2-3

Altars:
Dithmenos
Gozag
Hepliaklqana
Kikubaaqudgha
Makhleb
Nemelex Xobeh
Okawaru
Qazlal
Ru
Sif Muna
Trog
Uskayaw
Vehumet
Wu Jian
Xom
Yredelemnul
Zin
The Shining One

Shops:
D:1 [   D:6 *   D:7 (

Annotations:
Lair:2 Nergalle


Innate Abilities, Weirdness & Mutations

You are a tree.
Your roots penetrate the ground, keeping you stationary.
You cannot be teleported.
You are immune to unholy pain and torment.
Your maximum health is greatly increased.
Your equipment is partially melded.
You are too large for most types of armour.
((You have claws for hands.))
Your natural rate of healing is unusually fast.
((You are covered in fur. (AC +1)))
((You have tough skin. (AC +1)))


Message History

Your +1 hat of intelligence melds into your body.
Your +0 fire dragon scales melds into your body.
You feel stupid.
Your roots penetrate the ground.
You feel very mighty all of a sudden.
You feel protected.
The bullfrog is distracted by your dazzling golden aura.
The skyshark bites you but does no damage.
The skyshark tail-slaps you but does no damage. x2
The skyshark bites you!
The skyshark tail-slaps you but does no damage. x2
The bullfrog gives a loud, deep croak!
You now have 173/229 hp.
You closely miss the skyshark. You pummel the skyshark!!
Your punch misses the skyshark.
The skyshark bites you but does no damage.
The skyshark tail-slaps you but does no damage. x2
You pummel the skyshark!! The skyshark bites you.
The skyshark tail-slaps you but does no damage.
The skyshark completely misses you.
You take 4 damage, and have 170/229 hp.
You hit the skyshark. Your punch misses the skyshark.
The bullfrog is no longer distracted by gold.
The skyshark bites you!
The skyshark tail-slaps you but does no damage.
The skyshark tail-slaps you!
You take 15 damage, and have 155/229 hp.
You pummel the skyshark!! The skyshark bites you!!
The skyshark tail-slaps you. x2
You take 29 damage, and have 126/229 hp.
You barely miss the skyshark.
A komodo dragon comes into view.
The skyshark bites you but does no damage.
The skyshark tail-slaps you but does no damage.
The skyshark completely misses you.
You smack the skyshark!
You kill the skyshark!
You pummel the bullfrog!!
You kill the bullfrog!
You completely miss the basilisk. You closely miss the basilisk.
The basilisk gazes at you.
You are slowing down.
You closely miss the basilisk.
The basilisk bites you but does no damage.
You pummel the basilisk!!
You kill the basilisk!
You hear an angry hiss.
Your limbs are stiffening.
You feel a strong urge to attack something.
You are no longer berserk.
You are exhausted.
You feel yourself slow down.
You have turned to stone.
The komodo dragon bites you! The komodo dragon bites you!
A five-headed hydra comes into view.
The komodo dragon bites you!
The komodo dragon bites you but does no damage.
The five-headed hydra bites you.
The five-headed hydra bites you but does no damage.
The five-headed hydra bites you. The five-headed hydra bites you!
The five-headed hydra bites you.
You turn to wood and can move again.
You now have 81/163 hp.
Unknown command.
Unknown command.
Unknown command.
Unknown command.
Unknown command.
You pummel the five-headed hydra!!
The five-headed hydra bites you but does no damage. x4
The five-headed hydra bites you.
The five-headed hydra bites you but does no damage. x3
The five-headed hydra bites you! The five-headed hydra bites you.
You take 19 damage, and have 62/163 hp.
You barely miss the five-headed hydra. The five-headed hydra bites you.
The five-headed hydra bites you but does no damage. x3
The five-headed hydra bites you!
You take 9 damage, and have 53/163 hp.
You pummel the five-headed hydra!! The five-headed hydra bites you.
The five-headed hydra bites you!
* * * LOW HITPOINT WARNING * * *
The five-headed hydra bites you but does no damage. x2
The five-headed hydra bites you.
* * * LOW HITPOINT WARNING * * *
You take 18 damage, and have 35/163 hp.
You hit the five-headed hydra.
The five-headed hydra bites you but does no damage. x5
You regained 2 hp, and now have 37/163 hp.
You pummel the five-headed hydra!!
You kill the five-headed hydra!
Your life force feels restored.
You barely miss the komodo dragon. The komodo dragon bites you!!
* * * LOW HITPOINT WARNING * * *
You take 17 damage, and have 21/166 hp.
You feel much better. The komodo dragon bites you!!
* * * LOW HITPOINT WARNING * * *
A wolf comes into view.
A komodo dragon comes into view.
The komodo dragon bites you!!
You die...
Your body crumbles into a pile of gold.

####..#........
#..##..........
#####..............
#..................
##.################
#P.# #P.# ##.# #♣#
##l# ##..#.♣ #...l♣
#P....♣ ##...♣.♣
#..#.♣♣ $..#h..
#.?#....


You could see 2 komodo dragons and a wolf (wandering).

Vanquished Creatures
  Gastronok (Lair:2)
  A hydra (Lair:2)
  A boulder beetle (D:7)
  A two-headed ogre (D:7)
  A skyshark (Lair:2)
  2 bog bodies (Lair:2)
  2 manticores (D:9)
  2 black mambas (Lair:1)
  Joseph (D:8)
  5 cane toads (Lair:1)
  2 rime drakes
  A komodo dragon (Lair:1)
  An unseen horror (Lair:1)
  A troll (D:7)
  4 blink frogs
  A shadow (D:7)
  A slime creature (D:7)
  A basilisk (Lair:2)
  Eustachio (D:4)
  23 yaks
  A wyvern (Lair:1)
  A vampire mosquito (D:7)
  A swamp worm (Lair:2)
  3 water moccasins
  4 orc warriors (D:9)
  4 ice beasts
  A black bear (Lair:1)
  A sky beast (D:7)
  An ogre (D:5)
  16 wolves
  A phantom (D:7)
  7 centaurs
  A kobold brigand (D:7)
  Blork the orc (D:4)
  A weeping skull (Ossuary)
  12 bullfrogs
  9 gnoll sergeants
  4 scorpions
  2 elf skeletons (D:6)
  A water moccasin zombie (Ossuary)
  4 killer bees (D:8)
  2 howler monkeys (D:8)
  An electric eel (Lair:2)
  A bombardier beetle (D:2)
  2 bullfrog zombies (Ossuary)
  2 centaur zombies (Ossuary)
  5 hounds
  7 orc priests
  2 human skeletons (D:6)
  7 gnoll boudas
  4 iguanas
  2 scorpion zombies (Ossuary)
  7 orc wizards
  Robin (D:4)
  30 gnolls
  5 adders
  4 shadow imps
  2 white imps
  3 adder zombies (Ossuary)
  3 dart slugs
  33 orcs
  8 endoplasms
  2 gnoll zombies (Ossuary)
  16 goblins
  10 hobgoblins
  12 jackals
  7 kobolds
  3 quokkas
  7 ball pythons
  8 bats
  5 frilled lizards
  3 goblin zombies (Ossuary)
  2 hobgoblin zombies (Ossuary)
  2 orc skeletons (D:6)
  4 orc zombies (Ossuary)
  7 rats
348 creatures vanquished.

Vanquished Creatures (collateral kills)
  A gnoll bouda (Bailey)
1 creature vanquished.

Vanquished Creatures (others)
  A gnoll sergeant (Bailey)
1 creature vanquished.

Grand Total: 350 creatures vanquished

Notes
Turn   | Place    | Note
-------+----------+-------------------------------------------
     0 | D:1      | Gadrel the Troll Artificer began the quest for the Orb.
     0 | D:1      | Reached XP level 1. HP: 18/18 MP: 0/0
   110 | D:1      | Reached skill level 1 in Fighting
   148 | D:1      | Reached skill level 1 in Unarmed Combat
   158 | D:1      | Found Raorch's Armour Emporium.
   204 | D:1      | Reached XP level 2. HP: 27/27 MP: 1/1
   243 | D:1      | Reached skill level 2 in Unarmed Combat
   721 | D:1      | Reached XP level 3. HP: 33/33 MP: 2/2
   908 | D:1      | Bought a +0 cloak for 63 gold pieces
  1150 | D:2      | Reached skill level 3 in Unarmed Combat
  1274 | D:2      | Reached XP level 4. HP: 41/41 MP: 3/3
  1321 | D:2      | Reached skill level 4 in Unarmed Combat
  1532 | D:2      | Reached XP level 5. HP: 48/48 MP: 4/4
  2404 | D:4      | Noticed Blork the orc
  2412 | D:4      | Killed Blork the orc
  2413 | D:4      | Reached skill level 3 in Evocations
  2415 | D:4      | Noticed Eustachio
  2490 | D:4      | Killed Eustachio
  2491 | D:4      | Reached skill level 5 in Unarmed Combat
  2491 | D:4      | Reached XP level 6. HP: 50/55 MP: 5/5
  2536 | D:4      | Reached skill level 6 in Unarmed Combat
  2636 | D:4      | Noticed Robin
  2657 | D:4      | Killed Robin
  2925 | D:5      | Entered Level 5 of the Dungeon
  3163 | D:5      | Reached XP level 7. HP: 62/62 MP: 6/6
  3288 | D:5      | Reached skill level 7 in Unarmed Combat
  3680 | D:6      | Reached skill level 8 in Unarmed Combat
  3720 | D:6      | Reached skill level 2 in Fighting
  3851 | D:6      | Reached skill level 3 in Fighting
  3851 | D:6      | Reached skill level 2 in Dodging
  3851 | D:6      | Reached XP level 8. HP: 75/75 MP: 7/7
  3968 | D:6      | Found Vomer's Fire Supplies.
  3982 | D:6      | Bought a +0 robe of fire resistance for 77 gold pieces
  3982 | D:6      | Bought 2 scrolls of immolation for 80 gold pieces
  4125 | D:6      | Found a sand-covered staircase.
  4131 | Ossuary  | Entered an ossuary
  4177 | Ossuary  | Reached skill level 3 in Dodging
  4265 | Ossuary  | Reached skill level 9 in Unarmed Combat
  4267 | Ossuary  | Noticed a silent spectre
  4320 | D:6      | Reached skill level 4 in Dodging
  5032 | D:7      | Reached XP level 9. HP: 81/81 MP: 8/8
  5068 | D:7      | Noticed a two-headed ogre
  5074 | D:7      | Killed a two-headed ogre
  5075 | D:7      | Reached skill level 5 in Dodging
  5075 | D:7      | Reached skill level 10 in Unarmed Combat
  5075 | D:7      | Reached skill level 4 in Fighting
  5124 | D:7      | Found a staircase to the Ecumenical Temple.
  5134 | Temple   | Entered the Ecumenical Temple
  5140 | Temple   | Became a worshipper of Gozag Ym Sagoz the Greedy
  5203 | D:7      | Reached skill level 5 in Fighting
  5209 | D:7      | Reached skill level 1 in Shapeshifting
  5318 | D:7      | Found Usofuer's Weapon Boutique.
  5348 | D:7      | Identified the ring "Lefoik" {rElec rPois MP+9 Int-3
                  | Stlth+}
  5535 | D:7      | Reached skill level 2 in Shapeshifting
  5655 | D:7      | Found a bloodstained altar of Trog.
  5657 | D:7      | Found an ancient bone altar of Kikubaaqudgha.
  5735 | D:7      | You fall into a shaft and drop 3 floors!
  5735 | D:10     | Entered Level 10 of the Dungeon
  5979 | D:9      | Noticed a manticore
  5986 | D:9      | Reached skill level 3 in Shapeshifting
  5992 | D:9      | HP: 21/88 [manticore/volley of spikes (11)]
  5994 | D:9      | HP: 5/88 [manticore/volley of spikes (7)]
  5999 | D:9      | HP: 11/88 [manticore/volley of spikes (10)]
  6000 | D:9      | Killed a manticore
  6001 | D:9      | Reached skill level 4 in Shapeshifting
  6155 | D:9      | Noticed a manticore
  6163 | D:9      | Killed a manticore
  6164 | D:9      | Reached skill level 5 in Shapeshifting
  6164 | D:9      | Reached XP level 10. HP: 79/96 MP: 9/9
  6230 | D:9      | Reached skill level 6 in Shapeshifting
  6230 | D:9      | Found a staircase to the Orcish Mines.
  6970 | D:8      | Found a flagged portal.
  6971 | D:8      | Found the +7 captain's cutlass {speed, disarm}
  6992 | Bailey   | Entered a bailey
  7004 | Bailey   | Reached skill level 7 in Shapeshifting
  7249 | Bailey   | HP: 17/96 [gnoll bouda/+0 halberd (12)]
  7257 | Bailey   | HP: 19/96 [gnoll sergeant/+0 halberd (7)]
  7357 | Bailey   | Identified the +1 helmet "Hamaibet" {Harm Dex+6}
  7443 | Bailey   | Reached skill level 8 in Shapeshifting
  7454 | Bailey   | HP: 20/96 [gnoll bouda/+0 halberd (5)]
  7466 | Bailey   | HP: 24/96 [gnoll bouda/+0 halberd (10)]
  7666 | D:8      | Found a staircase to the Lair.
  7666 | D:8      | Noticed Joseph
  7856 | D:7      | Noticed a boulder beetle
  7883 | D:7      | Reached skill level 9 in Shapeshifting
  7885 | D:7      | Killed a boulder beetle
  8175 | D:7      | Found a shimmering altar of Xom.
  8175 | D:7      | Found a glowing golden altar of the Shining One.
  8179 | D:7      | Found a sacrificial altar of Ru.
  8319 | D:6      | Bought +0 fire dragon scales for 600 gold pieces
  8361 | D:8      | Reached XP level 11. HP: 92/102 MP: 10/10
  8364 | D:8      | Reached skill level 10 in Shapeshifting
  8364 | D:8      | Gadrel: !ac 9
  8364 | D:8      | beem: 2.44 armour skill per 1 AC for 9 base AC
  8384 | D:8      | Reached skill level 1 in Armour
  8506 | D:8      | Reached skill level 2 in Armour
  8813 | D:8      | HP: 24/102 [gnoll sergeant/+0 trident of venom (6)]
  8816 | D:8      | HP: 10/102 [gnoll sergeant/+0 trident of venom (6)]
  8821 | D:8      | HP: 10/102 [poisoned by a gnoll sergeant]
  8899 | D:8      | Reached skill level 3 in Armour
  8923 | D:8      | Killed Joseph
  8971 | D:8      | Reached skill level 4 in Armour
  9289 | Lair:1   | Entered Level 1 of the Lair of Beasts
  9346 | Lair:1   | Reached skill level 5 in Armour
  9443 | D:8      | HP: 25/102 [yak (6)]
  9717 | Lair:1   | Reached skill level 11 in Shapeshifting
  9944 | Lair:1   | HP: 19/102 [cane toad (17)]
  9945 | Lair:1   | HP: 9/102 [cane toad (7)]
 10577 | Lair:1   | Identified the +8 dagger "Kuomicw" {flame, rElec}
 10771 | Lair:2   | Noticed Maggie
 10774 | Lair:2   | Maggie changed into something unseen
 10800 | Lair:1   | HP: 21/102 [blink frog (9)]
 10819 | Lair:1   | Reached XP level 12. HP: 61/111 MP: 11/11
 11008 | Lair:1   | Killed Maggie the unseen horror
 11009 | Lair:1   | Reached skill level 11 in Unarmed Combat
 11143 | Lair:2   | Reached skill level 12 in Shapeshifting
 11209 | Lair:2   | Found a staircase to the Swamp.
 11305 | Lair:2   | Noticed Gastronok
 11305 | Lair:2   | You fall into a shaft and drop 1 floor!
 11341 | Lair:3   | Noticed a five-headed hydra
 11371 | Lair:3   | Noticed a death yak
 11371 | Lair:3   | Noticed a death yak
 11371 | Lair:3   | Noticed a death yak
 11407 | Lair:2   | HP: 11/111 [Gastronok (27)]
 11411 | Lair:2   | Killed Gastronok
 11422 | Lair:1   | Biggs: Hey Gadrel
 11422 | Lair:1   | Biggs: We smokin some ass?
 11422 | Lair:1   | Gadrel: lol always
 11422 | Lair:1   | Biggs: Going for stone?
 11471 | D:6      | Bought a +1 hand axe of flaming for 124 gold pieces
 11522 | Lair:2   | Biggs: Curious as to if you've tried the cock goblin yet
 11539 | Lair:2   | Gadrel: yeah took forever to get a CoFE win
 11539 | Lair:2   | Gadrel: got a melee win early in trunk with CoFi
 11539 | Lair:2   | Gadrel: did they nerf their hp gain?
 11714 | Lair:2   | Noticed Nergalle
 11717 | Lair:2   | Nergalle changed into Nergalle the death drake
 11717 | Lair:2   | Noticed Nergalle
 11720 | Lair:2   | HP: 17/105 [spectral orc knight/+0 halberd[Nergalle] (13)]
 11723 | Lair:2   | HP: 7/102 [poisoned by Nergalle (dark miasma)]
 11728 | Lair:2   | HP: 6/102 [poisoned by Nergalle (dark miasma)]
 11877 | Lair:2   | Biggs: depends on how long ago you got that win
 11877 | Lair:2   | Biggs: changes seemed to have stopped a few weeks ago
 11892 | Lair:2   | Biggs: they can't wear rings nor amulets, get a cog at lvl
                  | 14 with random resists and possible regen (3/7 chance)
 11895 | Lair:2   | Noticed a five-headed hydra
 11902 | Lair:2   | HP: 35/163 [five-headed hydra (6)]
 11904 | Lair:2   | Killed a five-headed hydra
 11906 | Lair:2   | Slain by a komodo dragon

Illustrated notes

Levels and vault maps discovered:
D:1:      dpeg_arrival_round_a, layout_basic, serial_shops, shop,
          minmay_misc_feat_square, interstate_on_off,
          amcnicky_mini_rare_corridor_liquid
D:2:      layout_basic, minmay_joined_circles
D:3:      layout_basic
D:4:      layout_rooms, uniq_eustachio, uniq_robin, uniq_blork_the_orc
D:5:      layout_gridville, minmay_misc_feat_encased
D:6:      layout_basic, nicolae_ossuary_entry_catacombs, serial_corexii_hall,
          corexii_hall_statues_deadend, chequers_hall_statues_wall_a,
          grunt_ministairs_14, nicolae_shop_fire_sale [nicolae_sub_dead_trees]
D:7:      minmay_the_grid_triangle_9x9_recursive_2
          [minmay_the_grid_triangle_9x9_prize_top_heavy,
          minmay_the_grid_triangle_9x9_limited_checkers,
          minmay_the_grid_triangle_9x9_corruption,
          minmay_the_grid_triangle_9x9_flanged_cone], layout_layer_cave,
          nicolae_overflow_hidden_temple, minmay_temple_entry_overgrown,
          serial_shops, nicolae_inconvenience_store
D:8:      layout_basic, hellmonk_lair_entry_icy, enter_bailey_3, uniq_joseph
D:9:      layout_loops_corners, david_orc_1_choice
D:10:     layout_basic, mainiacjoe_overflow_large_starburst,
          gammafunk_temple_overflow_wave, gammafunk_ghost_stat_death,
          nicolae_doodle_vault
Temple:   compressed_dpeg_triangle_lava_temple
Lair:1:   layout_cave_pods, grunt_megastairs_4
Lair:2:   nzn_winding_woodlands_small
          [nzn_winding_woodlands_5x15_pathside_ponds,
          nzn_winding_woodlands_center_pierced_h,
          nzn_winding_woodlands_5x15_parted], layout_hall_layers,
          nicolae_swamp_entry_splash_gauntlet, nicolae_snake_entry_squirm,
          uniq_nergalle, uniq_maggie, uniq_gastronok
Lair:3:   layout_cellular_growth, uniq_kirke

Skill      XL: |  1  2  3  4  5  6  7  8  9 10 11 12 |
---------------+-------------------------------------+-----
Fighting       | 1 3 5 |  5.0
Unarmed Combat | 1 2 3 4 5 6 8 9 10 11 | 11.9
Evocations     | 3 |  3.0
Dodging        | 2 4 5 |  5.0
Shapeshifting  | 5 9 11 12 | 12.6
Armour         | 5 |  5.0
Stealth        | |  0.3

Action                     |  1- 3 |  4- 6 |  7- 9 | 10-12 || total
---------------------------+-------+-------+-------+-------++-------
  Melee: Unarmed           |    73 |   153 |   265 |   600 ||  1091
         Punch             |     1 |     3 |    18 |    42 ||    64
   Fire: Sling             |    38 |       |       |       ||    38
         Orcbow            |       |     7 |    20 |       ||    27
  Throw: Dart              |       |       |       |     6 ||     6
         Stone             |       |       |       |     1 ||     1
 Invoke: Potion Petition   |       |       |       |     2 ||     2
  Evoke: Wand              |       |     1 |    13 |    12 ||    26
    Use: Scroll            |       |     6 |     3 |    10 ||    19
         Potion            |       |       |     2 |     7 ||     9
   Stab: Sleeping          |       |       |       |     1 ||     1
         Invisible         |       |       |       |     2 ||     2
         Distracted        |       |       |       |     1 ||     1
 Armour: Robe              |    36 |   127 |   244 |   210 ||   617
         Skin              |       |    28 |       |    57 ||    85
         Fire dragon scale |       |       |       |   433 ||   433
  Dodge: Dodged            |    38 |    88 |   145 |   284 ||   555
         Form:             |       |       |       |     1 ||     1
         Blade             |       |       |       |     1 ||     1

Table legend: (Time is in decaauts)
 A = Elapsed time spent in this place.
 B = Non-inter-level travel time spent in this place.
 C = Inter-level travel time spent in this place.
 D = Time resting spent in this place.
 E = Time spent auto-exploring this place.
 F = Levels seen in this place.
 G = Mean time per level.
                   A        B        C        D        E       F      G
               +--------+--------+--------+--------+--------+-----+--------+
         Total |  11796 |  11193 |    603 |    579 |   7931 |  16 |  737.2 |
       Dungeon |   8706 |   8221 |    485 |    221 |   6218 |  10 |  870.6 |
        Temple |     12 |      1 |     11 |      0 |      0 |   1 |   12.0 |
          Lair |   2276 |   2169 |    107 |    324 |   1263 |   3 |  758.7 |
       Ossuary |    162 |    162 |      0 |      0 |     65 |   1 |  162.0 |
        Bailey |    637 |    637 |      0 |     34 |    385 |   1 |  637.0 |
               +--------+--------+--------+--------+--------+-----+--------+

Top non-repeatable levels by time:
  Lair:1: 1480 daAuts
     D:7: 1346 daAuts
     D:9: 1279 daAuts
     D:6: 1236 daAuts
     D:8: 1150 daAuts
     D:1: 924 daAuts
     D:2: 791 daAuts
     D:5: 741 daAuts
  Lair:2: 728 daAuts
     D:3: 709 daAuts
  Bailey: 637 daAuts
     D:4: 498 daAuts
 Ossuary: 162 daAuts
  Lair:3: 67 daAuts
    D:10: 27 daAuts

Levels and vault maps discovered:
D:1:      dpeg_arrival_round_a, layout_basic, serial_shops, shop,
          minmay_misc_feat_square, interstate_on_off,
          amcnicky_mini_rare_corridor_liquid
D:2:      layout_basic, minmay_joined_circles
D:3:      layout_basic
D:4:      layout_rooms, uniq_eustachio, uniq_robin, uniq_blork_the_orc
D:5:      layout_gridville, minmay_misc_feat_encased
D:6:      layout_basic, nicolae_ossuary_entry_catacombs, serial_corexii_hall,
          corexii_hall_statues_deadend, chequers_hall_statues_wall_a,
          grunt_ministairs_14, nicolae_shop_fire_sale [nicolae_sub_dead_trees]
D:7:      minmay_the_grid_triangle_9x9_recursive_2
          [minmay_the_grid_triangle_9x9_prize_top_heavy,
          minmay_the_grid_triangle_9x9_limited_checkers,
          minmay_the_grid_triangle_9x9_corruption,
          minmay_the_grid_triangle_9x9_flanged_cone], layout_layer_cave,
          nicolae_overflow_hidden_temple, minmay_temple_entry_overgrown,
          serial_shops, nicolae_inconvenience_store
D:8:      layout_basic, hellmonk_lair_entry_icy, enter_bailey_3, uniq_joseph
D:9:      layout_loops_corners, david_orc_1_choice
D:10:     layout_basic, mainiacjoe_overflow_large_starburst,
          gammafunk_temple_overflow_wave, gammafunk_ghost_stat_death,
          nicolae_doodle_vault
Temple:   compressed_dpeg_triangle_lava_temple
Lair:1:   layout_cave_pods, grunt_megastairs_4
Lair:2:   nzn_winding_woodlands_small
          [nzn_winding_woodlands_5x15_pathside_ponds,
          nzn_winding_woodlands_center_pierced_h,
          nzn_winding_woodlands_5x15_parted], layout_hall_layers,
          nicolae_swamp_entry_splash_gauntlet, nicolae_snake_entry_squirm,
          uniq_nergalle, uniq_maggie, uniq_gastronok
Lair:3:   layout_cellular_growth, uniq_kirke

Table legend: (Time is in decaauts)
 A = Elapsed time spent in this place.
 B = Non-inter-level travel time spent in this place.
 C = Inter-level travel time spent in this place.
 D = Time resting spent in this place.
 E = Time spent auto-exploring this place.
 F = Levels seen in this place.
 G = Mean time per level.
                   A        B        C        D        E       F      G
               +--------+--------+--------+--------+--------+-----+--------+
         Total |  11796 |  11193 |    603 |    579 |   7931 |  16 |  737.2 |
       Dungeon |   8706 |   8221 |    485 |    221 |   6218 |  10 |  870.6 |
        Temple |     12 |      1 |     11 |      0 |      0 |   1 |   12.0 |
          Lair |   2276 |   2169 |    107 |    324 |   1263 |   3 |  758.7 |
       Ossuary |    162 |    162 |      0 |      0 |     65 |   1 |  162.0 |
        Bailey |    637 |    637 |      0 |     34 |    385 |   1 |  637.0 |
               +--------+--------+--------+--------+--------+-----+--------+

Top non-repeatable levels by time:
  Lair:1: 1480 daAuts
     D:7: 1346 daAuts
     D:9: 1279 daAuts
     D:6: 1236 daAuts
     D:8: 1150 daAuts
     D:1: 924 daAuts
     D:2: 791 daAuts
     D:5: 741 daAuts
  Lair:2: 728 daAuts
     D:3: 709 daAuts
  Bailey: 637 daAuts
     D:4: 498 daAuts
 Ossuary: 162 daAuts
  Lair:3: 67 daAuts
    D:10: 27 daAuts

Table legend:
 A = Kills in this place as a percentage of kills in the entire game.
 B = Kills by you in this place as a percentage of kills by you in the entire game.
 C = Kills by friends in this place as a percentage of kills by friends in the entire game.
 D = Other kills in this place as a percentage of other kills in the entire game.
 E = Experience gained in this place as a percentage of experience gained in the entire game.
 F = Experience gained in this place divided by the number of levels of this place that you have seen.
                   A       B       C       D       E      F
               +-------+-------+-------+-------+-------+----------------------
         Total | 100.0 | 100.0 | 100.0 |   N/A | 100.0 | 1856.9
       Dungeon |  71.9 |  72.1 |   0.0 |   N/A |  46.2 | 1371.3
          Lair |  13.5 |  13.5 |   0.0 |   N/A |  47.5 | 4706.7
       Ossuary |   6.6 |   6.6 |   0.0 |   N/A |   1.8 | 538.0
        Bailey |   8.0 |   7.8 | 100.0 |   N/A |   4.5 | 1339.0
               +-------+-------+-------+-------+-------+----------------------
